 Dungeon Crawl Stone Soup version 0.16.1-2-g95b8d4c (webtiles) character file.

66 Chiseanne the Insei (level 4, -8/24 HPs)
             Began as a Vine Stalker Monk on Mar 24, 2015.
             Was an Initiate of Gozag.
             Mangled by Pirate's ghost (16 damage)
             ... on level 3 of the Dungeon.
             The game lasted 00:05:25 (1900 turns).

Chiseanne the Insei (Vine Stalker Monk)             Turns: 1900, Time: 00:05:25

Health: -8/24      AC:  7    Str: 14    XL:     4   Next: 15%
Magic:  0/5        EV: 12    Int: 10    God:    Gozag
Gold:   281        SH:  0    Dex: 17    Spells: 0 memorised, 3 levels left

rFire  . . .     SeeInvis .       - Unarmed
rCold  . . .     Clarity  .     c - +0 ring mail
rNeg   . . .     SustAb   .     (no shield)
rPois  +         Gourm    .     (no helmet)
rElec  .         Spirit   +     i - +0 cloak {+Inv}
rCorr  .         Warding  .     j - +0 pair of gloves
rMut   .         Stasis   .     (no boots)
MR     .....                    (no amulet)
Stlth  ++........               (no ring)
                                d - ring of poison resistance

@: not resistant to hostile enchantments, unstealthy
A: fangs 2, regeneration 1, magic shield, antimagic bite, no device heal 3, rot
immunity
a: Potion Petition, Call Merchant, Bribe Branch, Renounce Religion, Evoke
Invisibility


You were on level 3 of the Dungeon.
You worshipped Gozag.
Gozag was noncommittal.
You were hungry.

You visited 1 branch of the dungeon, and saw 3 of its levels.

You collected 281 gold pieces.

Inventory:

Armour
 c - a +0 ring mail (worn)
 i - a +0 cloak of invisibility (worn)
 j - a +0 pair of gloves (worn)
Jewellery
 d - a ring of poison resistance (left hand)
 e - an uncursed amulet of stasis
 l - an uncursed ring of protection from cold {unknown}
Scrolls
 k - a scroll of remove curse {unknown}
 n - a scroll of identify
Potions
 a - a potion of invisibility {unknown}
 f - a potion of cancellation {unknown}
 m - a potion of haste {unknown}
Comestibles
 b - 3 bread rations
 g - a meat ration
 h - a beef jerky


   Skills:
 * Level 3.1 Fighting
 * Level 1.0 Armour
 - Level 2.8 Dodging
 - Level 2.4 Stealth
 * Level 4.6 Unarmed Combat
 * Level 0.2 Evocations


You had 3 spell levels left.
You didn't know any spells.

Dungeon Overview and Level Annotations

Branches:
Dungeon (3/15)

Altars:
Gozag
Xom
The Shining One

Annotations:
D:3 Pirate's ghost, average OpIE


Innate Abilities, Weirdness & Mutations

You have extremely sharp teeth.
Your natural rate of healing is unusually fast.
When hurt, damage is shared between your health and your magic reserves.
Your bite disrupts and absorbs the magic of your enemies.
Potions and wands cannot restore your health.
You are immune to rotting.


Message History

Found 24 stones.
There is an open door here.
l - an emerald ring You are feeling hungry.
n - a scroll of identify Pirate's ghost (average Octopode Ice Elementalist) comes into view.
It is wielding a weapon of distortion.
Pirate's ghost turns its malevolent gaze towards you.
Pirate's ghost casts a spell at you. The puff of frost hits you!
There is a stone staircase leading down here.
You closely miss Pirate's ghost. Pirate's ghost barely misses you.
You closely miss Pirate's ghost.
Pirate's ghost hits you but does no damage.
Space warps horribly around you!
Ouch! That really hurt!
You closely miss Pirate's ghost. Pirate's ghost hits you.
Space warps horribly around you!
Ouch! That really hurt!
You die...
Your body crumbles into a pile of gold.

######
########....#
#>........#.#
#@######..#.# #W#
####..#.# #
###########
#.###.......# # ##
#.........#
#...W.......# ##
.###.#######.#
#####.##....#####.
..##<# #.#
#.##..........
.###.# #.#
#.##....#####.
####.# ####.#
#.####### ##
.....# #....#
###.# #


You could see Pirate's ghost.

Vanquished Creatures
  A shadow imp (D:3)
  An adder (D:2)
  A worm (D:3)
  A giant gecko (D:1)
  2 orcs (D:3)
  3 giant cockroaches (D:2)
  5 goblins
  6 hobgoblins
  3 jackals (D:2)
  5 kobolds
  2 bats
  5 giant newts
  6 rats
41 creatures vanquished.

Notes
Turn   | Place    | Note
--------------------------------------------------------------
     0 | D:1      | Chiseanne, the Vine Stalker Monk, began the quest for the Orb.
     0 | D:1      | Reached XP level 1. HP: 11/11 MP: 1/1
   466 | D:1      | Reached XP level 2. HP: 16/16 MP: 3/3
   992 | D:2      | Reached XP level 3. HP: 19/19 MP: 4/4
  1233 | D:2      | Found an opulent altar of Gozag.
  1251 | D:2      | Became a worshipper of Gozag Ym Sagoz the Greedy
  1464 | D:2      | Found an opulent altar of Gozag.
  1464 | D:2      | Found a shimmering altar of Xom.
  1644 | D:3      | Reached XP level 4. HP: 14/24 MP: 5/5
  1698 | D:3      | Found a glowing golden altar of the Shining One.
  1837 | D:3      | Reached skill level 1 in Armour
  1890 | D:3      | Noticed Pirate's ghost (average OpIE)
  1900 | D:3      | Mangled by Pirate's ghost

Action                   |  1- 3 |  4- 6 || total
-------------------------+-------+-------++-------
Melee: Unarmed           |    99 |    11 ||   110
  Use: Scroll            |     6 |       ||     6
 Stab: Sleeping          |     3 |     1 ||     4
  Eat: Pizza             |     1 |       ||     1
       Chunk             |     1 |       ||     1
